 Dungeon Crawl Stone Soup version 0.21.0-3-g78d12a8 (webtiles) character file.

120 tidbits the Sneak (level 4, -3/18 HPs)
             Began as a Felid Air Elementalist on Jan 8, 2018.
             Slain by Menkaure (21 damage)
             ... on level 5 of the Dungeon.
             The game lasted 00:12:26 (1919 turns).

tidbits the Sneak (Felid Air Elementalist)          Turns: 1919, Time: 00:12:27

Health: -3/18      AC:  1    Str:  5    XL:     4   Next: 75%
Magic:  6/8        EV: 18    Int: 17    God:
Gold:   166        SH:  0    Dex: 18    Spells: 4/7 levels left
                                        Lives:  0   Deaths: 1

rFire    . . .     SeeInvis +     - Unarmed
rCold    . . .     Gourm    .   (shield unavailable)
rNeg     + . .     Faith    .   (armour unavailable)
rPois    .         Spirit   .   (helmet unavailable)
rElec    .         Reflect  .   (cloak unavailable)
rCorr    +         Harm     .   (gloves unavailable)
MR       +....                  (boots unavailable)
Stlth    +++.......             k - amulet of regeneration
HPRegen  0.46/turn              g - ring of positive energy
MPRegen  0.11/turn              h - ring of resist corrosion

@: flying, very slightly contaminated, quick
A: very small, no armour, no weapons or thrown items, stealth, claws 1, fangs 3,
see invisible, agile 1, carnivore, speed 1, magic resistance 1, shaggy fur 1,
slow metabolism 1, sharp paws
a: no special abilities


You were on level 5 of the Dungeon.
You were not hungry.

You visited 1 branch of the dungeon, and saw 5 of its levels.

You collected 166 gold pieces.

Inventory:

Jewellery
 g - a ring of positive energy (left paw)
   (You found it on level 2 of the Dungeon)
 h - a ring of resist corrosion (right paw)
   (You found it on level 2 of the Dungeon)
 k - an amulet of regeneration (around neck)
   (You found it on level 3 of the Dungeon)
 o - a +5 amulet of reflection {unknown}
   (You found it on level 5 of the Dungeon)
Scrolls
 c - 2 scrolls of fear
 f - a scroll of amnesia {unknown}
 i - a scroll of random uselessness {unknown}
 n - a scroll of enchant armour {unknown}
 r - a scroll of teleportation {unknown}
Potions
 d - 2 potions of lignification {unknown}
 e - 2 potions of flight
 j - a potion of mutation {!q}
 l - a potion of brilliance
 m - a potion of ambrosia {unknown}
 p - a potion of heal wounds {unknown}
 q - a potion of curing {unknown}
Books
 a - a book of Air

   Spells                             Type                      Level
   a - Shock                          Conjuration/Air              1
   b - Swiftness                      Charms/Air                   2
   c - Static Discharge               Conjuration/Air              3
   d - Airstrike                      Air                          4
   e - Lightning Bolt                 Conjuration/Air              5
Comestibles
 b - 3 rations


   Skills:
 + Level 0.5 Fighting
 - Level 2.6 Dodging
 + Level 6.2 Stealth
 + Level 3.7 Unarmed Combat
 - Level 2.0 Spellcasting
 - Level 0.8 Conjurations
 - Level 2.6 Air Magic


You had 4 spell levels left.
You knew the following spells:

 Your Spells              Type           Power        Failure   Level  Hunger
a - Shock                 Conj/Air       #...         10%         1    #......
W - Swiftness             Chrm/Air       #.......     17%         2    ###....


Dungeon Overview and Level Annotations

Branches:
Dungeon (5/15)
 Temple: D:4-7

Altars:
Fedhas
Okawaru
Sif Muna
Trog

Annotations:
D:2 Natasha
D:3 exclusion: orc
D:5 Menkaure


Innate Abilities, Weirdness & Mutations

You cannot wear armour.
You are incapable of wielding weapons or throwing items.
Your paws allow you to move quietly. (Stealth)
You have sharp claws.
You have razor-sharp teeth.
You have supernaturally acute eyesight. (SInv)
You are carnivorous and can eat meat at any time.
You cover ground quickly.
You are covered in fur. (AC +1)
You have a slow metabolism.
Your sharp claws are effective at attacking unaware monsters.
You are agile. (Dex +2)
You are resistant to hostile enchantments. (MR+)


Message History

There is an open door here.
Unknown command.
Menkaure, Prince of Dust comes into view.
Press: ? - help, v - describe, . - travel
Here: Menkaure (resting)
The floor.
Placed new exclusion.
Found a coppery potion.
Found a puce potion.
Found a ration and an inky potion.
A black bear comes into view.
The black bear growls angrily.
You see here an inky potion.
d - 2 inky potions (gained 1)
You see here a puce potion.
p - a puce potion
Casting: Shock
Confirm with . or Enter, or press ? or * to list all spells.
Aiming: Shock
Press: ? - help, Shift-Dir - straight line, f - black bear
Aim: a black bear The zap misses the black bear.
Casting: Shock
Confirm with . or Enter, or press ? or * to list all spells.
Aiming: Shock
Press: ? - help, Shift-Dir - straight line, p - black bear The zap hits the black bear.
The black bear is lightly wounded.
The zap hits the black bear.
The black bear is moderately wounded.
You hear the slow rusting of a drain nearby.
Casting: Shock
Confirm with . or Enter, or press ? or * to list all spells.
Aiming: Shock
Press: ? - help, Shift-Dir - straight line The zap misses the black bear.
The zap hits the black bear.
The black bear is moderately wounded.
The black bear bites you. The black bear closely misses you.
The black bear claws you but does no damage.
Casting: Shock
Confirm with . or Enter, or press ? or * to list all spells.
Aiming: Shock
Press: ? - help, Shift-Dir - straight line The zap hits the black bear.
The black bear is moderately wounded.
The zap hits the black bear.
The black bear is heavily wounded.
The black bear completely misses you. The black bear barely misses you.
The black bear closely misses you.
Casting: Shock
Confirm with . or Enter, or press ? or * to list all spells.
Aiming: Shock
Press: ? - help, Shift-Dir - straight line The zap hits the black bear.
The black bear is heavily wounded.
The zap misses the black bear.
The black bear barely misses you. The black bear claws you. x2
* * * LOW HITPOINT WARNING * * *
A leopard gecko and a giant cockroach come into view.
The black bear bites you.
* * * LOW HITPOINT WARNING * * *
The black bear misses you. The black bear completely misses you.
You see here a coppery potion.
q - a coppery potion A jackal and a scorpion come into view.
A giant cockroach comes into view.
A jackal zombie comes into view.
Found a scroll labeled GUGEYL LOCS.
You see here a scroll labeled GUGEYL LOCS.
r - a scroll labeled GUGEYL LOCS You hear the slow rusting of a very distant drain.
Casting: Shock
Confirm with . or Enter, or press ? or * to list all spells.
Aiming: Shock
Press: ? - help, Shift-Dir - straight line The zap misses the giant cockroach.
The zap hits the giant cockroach.
The giant cockroach is severely wounded.
The giant cockroach bites you.
Casting: Shock
Confirm with . or Enter, or press ? or * to list all spells.
Aiming: Shock
Press: ? - help, Shift-Dir - straight line You miscast Shock.
You are very lightly contaminated with residual magic.
Nothing appears to happen.
The giant cockroach completely misses you.
Casting: Shock
Confirm with . or Enter, or press ? or * to list all spells.
Aiming: Shock
Press: ? - help, Shift-Dir - straight line The zap hits the giant cockroach.
You kill the giant cockroach!
Really walk into a travel-excluded area?
Menkaure shouts!
Menkaure misses you.
It was a potion of flight.
You feel very buoyant.
You fly up into the air.
Menkaure hits you!!
Ouch! That really hurt!
You die...

........#.###.##
#.#.#..##.#
...............#
#........
..###########.##
#.#..##.# #.#
#.#..##..
#.########.#..##.#
#.................
#.# ######.#..##.#
#M# #.#..# .
#@########.#..#
#.......†..#...
#.###########.##
#.# .. #.# ## #.#
#.# ..# ##


You could see Menkaure.

Vanquished Creatures
  A phantom (D:4)
  A hound (D:4)
  A worker ant (D:4)
  2 gnolls (D:4)
  An ooze (D:1)
  8 leopard geckos
  A ball python (D:1)
  5 giant cockroaches
  3 goblins (D:1)
  4 hobgoblins
  5 jackals
  A quokka (D:4)
  7 bats
  A frilled lizard (D:1)
  5 kobolds
  6 rats
52 creatures vanquished.

Notes
Turn   | Place    | Note
-------+----------+-------------------------------------------
     0 | D:1      | tidbits the Felid Air Elementalist began the quest for the Orb.
     0 | D:1      | Reached XP level 1. HP: 7/7 MP: 4/4
    97 | D:1      | Reached skill level 3 in Stealth
    98 | D:1      | Reached skill level 1 in Unarmed Combat
   154 | D:1      | Reached XP level 2. HP: 10/11 MP: 1/6
   159 | D:1      | Learned a level 2 spell: Swiftness
   470 | D:2      | Found a deep blue altar of Sif Muna.
   504 | D:2      | Noticed Natasha
   553 | D:1      | Reached skill level 4 in Stealth
   657 | D:1      | Reached XP level 3. HP: 14/14 MP: 5/7
   673 | D:2      | Found a blossoming altar of Fedhas.
   958 | D:2      | Found a bloodstained altar of Trog.
  1028 | D:2      | Reached skill level 2 in Unarmed Combat
  1271 | D:2      | Noticed an ice beast
  1281 | D:3      | Found a faded altar of an unknown god.
  1369 | D:4      | Reached XP level 4. HP: 18/18 MP: 8/8
  1373 | D:4      | Gained mutation: You are agile. (Dex +2) [potion of mutation]
  1373 | D:4      | Gained mutation: You are resistant to hostile enchantments. (MR+) [potion of mutation]
  1389 | D:4      | Noticed a phantom
  1402 | D:4      | Found an iron altar of Okawaru.
  1496 | D:4      | Killed a phantom
  1496 | D:4      | Reached skill level 5 in Stealth
  1496 | D:4      | Reached skill level 3 in Unarmed Combat
  1496 | D:4      | Reached XP level 5. HP: 21/21 MP: 2/9
  1566 | D:4      | Reached skill level 6 in Stealth
  1656 | D:4      | Slain by a gnoll
  1657 | D:4      | Reached XP level 4. HP: -4/18 MP: 3/8
  1779 | D:5      | Entered Level 5 of the Dungeon
  1802 | D:5      | Noticed Menkaure
  1820 | D:5      | Noticed a black bear
  1919 | D:5      | Slain by Menkaure

Skill      XL: |  1  2  3  4  5 |
---------------+----------------+-----
Stealth        | 3 4 5 6 |  6.2
Unarmed Combat | 1 2 3 |  3.7
Fighting       | |  0.5
Dodging        | |  2.6
Spellcasting   | |  2.0
Conjurations   | |  0.8
Air Magic      | |  2.6

Action                   |  1- 3 |  4- 6 || total
-------------------------+-------+-------++-------
Melee: Unarmed           |    35 |    14 ||    49
       Bite              |     4 |     1 ||     5
 Cast: Shock             |    32 |    35 ||    67
  Use: Scroll            |       |     3 ||     3
       Potion            |       |     2 ||     2
 Stab: Sleeping          |    18 |     4 ||    22
  Eat: Chunk             |     4 |       ||     4
Armor: Skin              |     3 |     1 ||     4
Dodge: Dodged            |    40 |    20 ||    60

Table legend:
 A = Turns spent in this place as a percentage of turns spent in the entire game.
 B = Non-inter-level travel turns spent in this place as a percentage of non-inter-level travel turns spent in the entire game.
 C = Inter-level travel turns spent in this place as a percentage of turns spent in this place.
 D = Turns resting spent in this place as a percentage of non-inter-level travel turns spent in this place.
 E = Turns spent auto-exploring this place as a percentage of non-inter-level travel turns spent in this place.
 F = Non-inter-level travel turns spent in this place divided by the number of levels of this place that you've seen.
                   A       B       C       D       E      F
               +-------+-------+-------+-------+-------+----------------------
         Total | 100.0 | 100.0 |   5.1 |   0.0 |   0.0 | 364.4
       Dungeon | 100.0 | 100.0 |   5.1 |   0.0 |   0.0 | 364.4
               +-------+-------+-------+-------+-------+----------------------

Table legend:
 A = Kills in this place as a percentage of kills in entire the game.
 B = Kills by you in this place as a percentage of kills by you in the entire game.
 C = Kills by friends in this place as a percentage of kills by friends in the entire game.
 D = Other kills in this place as a percentage of other kills in the entire game.
 E = Experience gained in this place as a percentage of experience gained in the entire game.
 F = Experience gained in this place divided by the number of levels of this place that you have seen.
                   A       B       C       D       E      F
               +-------+-------+-------+-------+-------+----------------------
         Total | 100.0 | 100.0 |   N/A |   N/A | 100.0 |  63.8
       Dungeon | 100.0 | 100.0 |   N/A |   N/A | 100.0 |  63.8
               +-------+-------+-------+-------+-------+----------------------

Vault maps used:
D:1:      ncdulo_wetmaze
D:2:      fedhas_altar_2, old_standard_altar, lemuel_blue_sif_altar,
          uniq_natasha
D:3:      chequers_ecumenical_altar_island
D:4:      okawaru_metal_pillars_3
D:5:      gammafunk_temple_overflow_claw, cheibrodos_sewer_entry_drain,
          first_ration, serial_shops, shop, grunt_ministairs_8, uniq_menkaure,
          uniq_duvessa, uniq_sigmund, uniq_crazy_yiuf_cottage
